 Dungeon Crawl Stone Soup version 0.32-a0-791-gfc315c9ecd (webtiles) character file.

Game seed: 11873498093195018688

106 Dordric the Magician (level 4, -5/44 HPs)
             Began as an Oni Warper on Mar 20, 2024.
             Killed by divine providence
             ... invoked by an orc priest
              (16 damage)
             ... on level 3 of the Dungeon.
             The game lasted 00:02:40 (1570 turns).

Dordric the Magician (Oni Warper)                   Turns: 1570, Time: 00:02:41

Health: -5/44      AC:  3    Str: 17    XL:     4   Next: 84%
Magic:  7/9        EV:  9    Int: 14    God:
Gold:   36         SH:  0    Dex:  8    Spells: 8/10 levels left

rFire   . . .        a - +0 mace
rCold   . . .        (no shield)
rNeg    . . .        b - +0 robe
rPois   .            (helmet restricted)
rElec   .            (no cloak)
rCorr   .            (gloves unavailable)
SInv    .            (boots unavailable)
Will    .....        (no amulet)
Stlth   +            (no ring)
HPRegen 0.27/turn    (no ring)
MPRegen 0.11/turn

%: no passive effects
@: on blink cooldown
A: large, unfitting armour, horns 1, tough skin 1, double potion healing,
drunken brawling
a: Convert to Beogh


You were on level 3 of the Dungeon.
You visited 1 branch of the dungeon, and saw 3 of its levels.

You collected 36 gold pieces.

Inventory:

Hand Weapons
 a - a +0 mace (weapon)
Missiles
 d - 7 darts of dispersal (quivered)
Armour
 b - a +0 robe (worn)
Jewellery
 j - an amulet of magic regeneration
Scrolls
 c - 2 scrolls of blinking
 e - 3 scrolls of vulnerability {unknown}
 k - a scroll of noise {unknown}
 l - a scroll of enchant armour {unknown}
Potions
 f - 3 potions of berserk rage {unknown}
 g - a potion of resistance {unknown}
 h - a potion of enlightenment {unknown}
 i - a potion of curing {unknown}
 m - a potion of might {unknown}
 n - a potion of invisibility {unknown}
 o - a potion of lignification {unknown}


   Skills:
 - Level 2.8 Fighting
 + Level 3.2 Maces & Flails
 - Level 1.1 Throwing
 - Level 2.2 Dodging
 + Level 3.5 Spellcasting
 + Level 3.4 Translocations


You had 8 spell levels left.
You knew the following spells:

 Your Spells              Type           Power      Damage    Failure   Level
a - Blink                 Tloc           24%        N/A       8%          2

Your spell library contained the following spells:

 Spells                   Type           Power      Damage    Failure   Level
 Lesser Beckoning         Tloc           24%        N/A       8%          2
 Teleport Other           Tloc           12%        N/A       14%         3
 Mercury Vapours          Alch/Air       4%         N/A       30%         2
 Manifold Assault         Tloc           12%        N/A       43%         4
 Mephitic Cloud           Conj/Alch/Air  2%         N/A       52%         3
 Vhi's Electric Charge    Tloc/Air       14%        N/A       69%         4
 Freezing Cloud           Conj/Ice/Air   1%         6-21      99%         5


Dungeon Overview and Level Annotations

Branches:
Dungeon (3/15)

Altars:
Zin

Portals:
Abyss: D:3

Annotations:
D:3 2 transporters, Elsrick's ghost, amateur OnFi


Innate Abilities, Weirdness & Mutations

You are too large for most types of armour.
You have a pair of small horns on your head.
You have tough skin. (AC +1)
You gain doubled healing and magic from potions.
Whenever you drink a healing potion, you attack all around you.


Message History

The ball python is severely wounded.
The ball python closely misses you. x2
You hit the ball python.
You kill the ball python!
You hit the orc.
The orc is lightly wounded.
The orc hits you with a +0 dagger. The goblin hits you with a +0 dagger.
You barely miss the orc.
The orc is lightly wounded.
The orc hits you with a +0 dagger. The orc closely misses you.
The goblin hits you with a +0 dagger.
You closely miss the orc.
The orc is lightly wounded.
The orc hits you but does no damage. The goblin hits you with a +0 dagger.
You hit the orc. Your headbutt misses the orc.
The orc is moderately wounded.
The orc throws a boomerang.
The boomerang hits you. The orc hits you with a +0 dagger.
The orc priest miscasts a cantrip.
The orc hits you but does no damage. The goblin hits you but does no damage.
The orc priest looks satisfied for a moment.
The orc hits you from afar with a +0 trident!
The orc hits you with a +0 hand axe.
* * * LOW HITPOINT WARNING * * *
The orc hits you with a +0 dagger.
* * * LOW HITPOINT WARNING * * *
The goblin barely misses you.
The orc priest shouts, "Beogh offers mercy even to people such as you.
Join us and be reborn!" (press Y on the ability menu to convert to Beogh)
Okay, then.
Okay, then.
Casting: Blink (safe; 8% risk of failure)
Confirm with . or Enter, or press ? or * to list all spells.
You blink.
The goblin attacks as it pursues you! The goblin hits you but does no damage.
The goblin attacks as it pursues you! The goblin closely misses you.
The goblin attacks as it pursues you! The goblin hits you but does no damage.
The orc priest calls down the wrath of Beogh upon you.
Beogh smites you!
You die...

..# ... #.# ###.# #### ≈.. #.#
#... #... ≈..
##.#########†#####.## §§'##
#........o........... ≈...##
#.................... §§...##
##.....o.o.##......... ......##
##.#....g.o####....###.
.......####.....@.####..##..##.#.
.......'.........##.©.#.)#©.#..#.
.......####......#.###..##..##.##
..)...## ##.#...## #.###...##x.#
.....## ###....##..#....##x###
#...## #....# .##.### ## ##'##
#...#### .###.∩.###. #.#
#...#..###..(.#©#... #.#
#...##..##.#.##.##..


You could see an orc priest, 3 orcs and a goblin.

Vanquished Creatures
  A hound (D:2)
  3 adders
  2 orcs (D:3)
  5 ball pythons
  6 endoplasms
  3 giant cockroaches
  7 goblins
  5 hobgoblins
  2 kobolds
  A quokka (D:2)
  4 bats
  3 frilled lizards (D:1)
  2 rats
44 creatures vanquished.

Notes
Turn   | Place    | Note
-------+----------+-------------------------------------------
     0 | D:1      | Dordric the Oni Warper began the quest for the Orb.
     0 | D:1      | Reached XP level 1. HP: 22/22 MP: 3/3
   126 | D:1      | Reached XP level 2. HP: 29/29 MP: 5/5
   487 | D:1      | Learned a level 2 spell: Blink
   525 | D:2      | Reached XP level 3. HP: 36/36 MP: 7/7
   787 | D:2      | Reached XP level 4. HP: 33/44 MP: 9/9
  1396 | D:3      | Found a transporter.
  1445 | D:3      | Noticed Elsrick's ghost (amateur OnFi)
  1457 | D:3      | Found a one-way gate to the infinite horrors of the Abyss.
  1457 | D:3      | Noticed a small abomination
  1458 | D:3      | Found a transporter.
  1479 | D:3      | Found a glowing silver altar of Zin.
  1570 | D:3      | Killed from afar by an orc priest

Illustrated notes

Levels and vault maps discovered:
D:1:      lemuel_arrival_behind_the_door_large, layout_rooms,
          corexii_item_surrounded_by_moat
D:2:      layout_basic, item_on_display_a
D:3:      layout_loops_corners, mainiacjoe_overflow_catwalk,
          overflow_temple_1_default, nicolae_ru_sacrificial_ziggurat,
          gammafunk_ghost_abyssal_escape, uniq_natasha

Skill      XL: |  1  2  3 |
---------------+----------+-----
Spellcasting   | 3 |  3.5
Translocations | 3 |  3.4
Maces & Flails | 3 |  3.2
Fighting       | |  2.8
Throwing       | |  1.1
Dodging        | |  2.2

Action                     |  1- 3 |  4- 6 || total
---------------------------+-------+-------++-------
  Melee: Mace              |    70 |    53 ||   123
         Headbutt          |     8 |     6 ||    14
   Cast: Blink             |       |     1 ||     1
 Armour: Robe              |    50 |    57 ||   107
  Dodge: Dodged            |    31 |    27 ||    58

Table legend: (Time is in decaauts)
 A = Elapsed time spent in this place.
 B = Non-inter-level travel time spent in this place.
 C = Inter-level travel time spent in this place.
 D = Time resting spent in this place.
 E = Time spent auto-exploring this place.
 F = Levels seen in this place.
 G = Mean time per level.
                   A        B        C        D        E       F      G
               +--------+--------+--------+--------+--------+-----+--------+
         Total |   1602 |   1547 |     55 |      0 |   1217 |   3 |  534.0 |
       Dungeon |   1602 |   1547 |     55 |      0 |   1217 |   3 |  534.0 |
               +--------+--------+--------+--------+--------+-----+--------+

Top non-repeatable levels by time:
     D:2: 681 daAuts
     D:1: 533 daAuts
     D:3: 387 daAuts
